Map: 캑터스 밸리 - 래더 (공허)

Players

Patience

  • Race: Protoss Protoss
  • Spawn Location: 1:00

Serral - Winner!

  • Race: Zerg Zerg
  • Spawn Location: 11:00

Event: IEM XI Katowice - World Championship 2017

VOD

Have the link to the VOD?

Description

Time

  • Played on: March 2, 2017, 9:01 p.m.
  • Length: 10:39

All games in this series

Show
View Real Time Build Order
Export as new Build Order

Patience Protoss 

Build Orders: 1 Gate Expand 

Get SALT Encoding   

  12  0:01  Probe (Chrono Boost)  
  13  0:11  Probe (Chrono Boost)  
  14  0:17  Pylon  
  14  0:22  Probe (Chrono Boost)  
  16  0:35  Probe (Chrono Boost)  
  16  0:37  Gateway  
  16  0:42  Assimilator  
  16  0:47  Probe (Chrono Boost)  
  17  0:57  Probe (Chrono Boost)  
  17  1:01  Gateway  
  18  1:08  Probe (Chrono Boost)  
  19  1:25  Cybernetics Core  
  19  1:38  Nexus  
  19  1:46  Pylon  
  20  1:47  Probe (Chrono Boost)  
  20  1:58  Probe (Chrono Boost)  
  20  2:00  Adept  
  20  2:01  Adept  
  25  2:10  Probe (Chrono Boost)  
  25  2:12  Assimilator  
  26  2:16  Warp Gate  
  26  2:22  Probe (Chrono Boost)  
  27  2:29  Adept  
  29  2:33  Probe (Chrono Boost)  
  30  2:43  Probe (Chrono Boost)  
  30  2:44  Twilight Council  
  31  2:56  Probe (Chrono Boost)  
  32  3:01  Adept x2  
  32  3:05  Probe (Chrono Boost)  
  37  3:07  Probe (Chrono Boost)  
  37  3:09  Pylon  
  37  3:10  Resonating Glaives  
  38  3:15  Probe (Chrono Boost)  
  38  3:18  Probe (Chrono Boost)  
  40  3:26  Probe (Chrono Boost)  
  41  3:30  Probe (Chrono Boost)  
  44  3:43  Probe x2 (Chrono Boost)  
  44  3:48  Nexus  
  44  3:54  Mothership Core (Chrono Boost)  
  46  3:58  Gateway  
  47  4:03  Probe (Chrono Boost)  
  47  4:12  Pylon, Probe (Chrono Boost)  
  47  4:15  Probe (Chrono Boost)  
  49  4:20  Pylon  
  49  4:21  Stalker  
  51  4:24  Adept  
  51  4:27  Probe (Chrono Boost)  
  51  4:30  Probe (Chrono Boost)  
  55  4:33  Pylon  
  55  4:38  Probe (Chrono Boost)  
  56  4:41  Probe (Chrono Boost)  
  57  4:48  Probe (Chrono Boost)  
  57  4:51  Adept x2, Probe (Chrono Boost)  
  63  4:52  Adept  
  63  4:59  Probe (Chrono Boost)  
  66  5:02  Probe (Chrono Boost)  
  66  5:03  Pylon  
  66  5:08  Robotics Facility  
  66  5:09  Forge  
  66  5:13  Adept  
  68  5:15  Probe x2 (Chrono Boost)  
  68  5:17  Assimilator  
  70  5:21  Sentry  
  70  5:22  Assimilator, Sentry  
  70  5:23  Probe (Chrono Boost)  
  70  5:26  Probe (Chrono Boost)  
  76  5:30  Pylon, Probe (Chrono Boost)  
  76  5:32  Protoss Ground Weapons Level 1  
  76  5:34  Pylon, Probe (Chrono Boost)  
  78  5:38  Probe (Chrono Boost)  
  78  5:40  Probe (Chrono Boost)  
  78  5:41  Sentry  
  82  5:45  Pylon  
  82  5:46  Probe (Chrono Boost)  
  82  5:49  Probe (Chrono Boost)  
  84  5:51  Probe (Chrono Boost)  
  85  5:58  Gateway, Warp Prism  
  85  5:59  Gateway  
  87  6:04  Probe (Chrono Boost)  
  87  6:06  Probe x2 (Chrono Boost)  
  86  6:15  Gateway  
  86  6:18  Gateway  
  86  6:20  Gateway, Sentry x3  
  88  6:34  Observer  
  88  6:39  Pylon  
  89  6:40  Pylon, Probe (Chrono Boost)  
  89  6:42  Probe x2 (Chrono Boost)  
  89  6:43  Assimilator  
  89  6:47  Pylon  
  92  6:48  Assimilator, Adept x3  
  92  6:49  Pylon  
  92  6:54  Probe (Chrono Boost)  
  92  6:55  Immortal  
  92  6:56  Probe (Chrono Boost)  
  95  7:05  Probe x2 (Chrono Boost)  
  97  7:18  Sentry x3  
  97  7:19  Adept x4  
  97  7:20  Adept  
  113  7:29  Immortal  
  113  7:45  Probe (Chrono Boost)  
  113  7:47  Adept, Probe x2 (Chrono Boost)  
  113  7:48  Adept x4  
  113  7:49  Adept x3  
  132  7:56  Probe (Chrono Boost)  
  133  8:01  Pylon, Probe x2 (Chrono Boost)  
  133  8:03  Protoss Ground Weapons Level 2  
  135  8:06  Probe (Chrono Boost)  
  142  8:13  Probe (Chrono Boost)  
  142  8:14  Probe (Chrono Boost)  
  142  8:17  Probe (Chrono Boost)  
  143  8:25  Probe (Chrono Boost), Immortal  
  143  8:32  Adept, Sentry x2  
  143  8:33  Adept x4  
  157  8:35  Nexus  
  157  8:37  Pylon  
  157  8:42  Photon Cannon  
  157  8:46  Pylon  
  132  8:56  Adept x2  
  132  8:58  Adept x2  
  134  9:03  Sentry x2  
  134  9:05  Probe (Chrono Boost)  
  134  9:07  Probe x2 (Chrono Boost)  
  141  9:10  Immortal  
  145  9:18  Probe (Chrono Boost)  
  144  9:24  Probe (Chrono Boost)  
  144  9:25  Probe (Chrono Boost)  
  144  9:29  Sentry  
  144  9:30  Sentry x3  
  152  9:36  Adept x2  
  158  9:38  Probe (Chrono Boost)  
  158  9:40  Probe (Chrono Boost)  
  158  9:41  Probe (Chrono Boost)  
  159  9:56  Immortal  
  159  9:58  Adept  
  159  9:59  Adept x3  
  163  10:08  Probe (Chrono Boost)  
  163  10:09  Probe x2 (Chrono Boost)  
  163  10:10  Probe (Chrono Boost)  
  163  10:12  Sentry x2  
  163  10:13  Adept x2  
  96  10:34  Adept  
  96  10:35  Adept x5  
Show
View Real Time Build Order
Export as new Build Order

Serral Zerg - Winner!

Build Orders: Hatch First 

Get SALT Encoding   

  12  0:00  Drone  
  13  0:13  Overlord  
  13  0:18  Drone  
  14  0:31  Drone x2  
  16  0:36  Drone  
  17  0:52  Hatchery  
  17  0:55  Drone  
  17  0:58  Drone  
  18  1:09  Extractor  
  17  1:13  Spawning Pool  
  17  1:16  Drone  
  17  1:19  Drone  
  18  1:28  Drone  
  19  1:39  Overlord  
  19  1:50  Drone  
  20  2:00  Queen  
  20  2:01  Zergling x2  
  23  2:05  Zergling x2, Queen  
  26  2:09  Metabolic Boost  
  26  2:11  Drone  
  26  2:15  Drone  
  28  2:22  Drone  
  29  2:27  Drone  
  30  2:32  Drone  
  31  2:37  Zergling x2  
  32  2:44  Zergling x2  
  32  2:47  Zergling x2  
  34  2:52  Hatchery, Extractor  
  34  2:55  Zergling x2  
  34  3:03  Drone  
  34  3:06  Drone  
  34  3:08  Drone  
  34  3:10  Overlord  
  36  3:18  Overlord  
  36  3:22  Extractor  
  36  3:23  Extractor, Drone  
  36  3:24  Drone  
  38  3:29  Drone x3  
  41  3:35  Roach Warren  
  41  3:37  Drone  
  41  3:39  Drone  
  41  3:45  Queen  
  41  3:47  Drone  
  44  3:49  Drone  
  44  3:51  Drone  
  44  3:55  Drone  
  47  3:57  Overlord  
  47  4:00  Drone  
  47  4:01  Drone  
  49  4:09  Drone x2  
  51  4:16  Roach x4  
  59  4:22  Roach  
  61  4:24  Roach  
  61  4:26  Overlord  
  61  4:27  Roach  
  61  4:31  Lair  
  65  4:34  Evolution Chamber, Extractor  
  65  4:36  Overlord  
  63  4:39  Overlord  
  63  4:43  Overlord  
  63  4:46  Overlord  
  63  4:56  Zergling x6  
  63  4:59  Zergling x8  
  70  5:00  Drone x2  
  70  5:02  Zerg Melee Weapons Level 1  
  70  5:04  Drone  
  70  5:05  Drone  
  74  5:11  Roach x2  
  78  5:15  Extractor  
  78  5:17  Roach  
  79  5:21  Drone x2  
  79  5:22  Drone x2  
  79  5:25  Drone  
  79  5:26  Drone x2  
  79  5:28  Drone x2  
  87  5:30  Overseer  
  87  5:32  Drone  
  89  5:36  Overlord  
  89  5:37  Drone  
  89  5:40  Overlord  
  89  5:42  Glial Reconstitution  
  90  5:49  Overlord  
  90  5:51  Overlord  
  90  5:54  Drone  
  90  5:55  Drone x2  
  94  5:57  Extractor  
  94  5:58  Overlord, Drone  
  94  5:59  Drone  
  94  6:03  Roach x2  
  98  6:08  Roach x2  
  99  6:12  Spine Crawler  
  99  6:13  Extractor, Drone x2  
  99  6:15  Roach  
  99  6:16  Roach  
  103  6:20  Ravager x2  
  103  6:22  Zergling x2  
  103  6:23  Zergling x6  
  105  6:26  Queen  
  105  6:31  Zergling x10  
  110  6:35  Drone x3  
  110  6:39  Overlord  
  113  6:40  Roach  
  113  6:43  Zergling x2, Ravager x2  
  113  6:46  Drone  
  119  6:47  Zergling x4  
  119  6:53  Drone x2  
  123  6:57  Drone  
  122  7:07  Extractor, Drone x2  
  122  7:09  Drone  
  122  7:10  Drone  
  122  7:11  Baneling Nest, Overlord, Drone x2  
  122  7:12  Roach x4  
  133  7:23  Ravager x2  
  135  7:30  Zergling x4, Roach x3  
  135  7:31  Hatchery  
  136  7:38  Zergling x2, Roach  
  136  7:39  Zergling x8, Roach, Ravager  
  136  7:41  Overlord  
  136  7:43  Overlord  
  146  7:47  Overlord  
  144  7:53  Zerg Melee Weapons Level 2  
  144  7:58  Centrifical Hooks  
  144  8:02  Baneling x9  
  144  8:03  Zergling x2, Baneling x4  
  144  8:04  Zergling x6  
  148  8:10  Zergling x8  
  148  8:11  Zergling x2  
  153  8:16  Overlord  
  153  8:18  Overlord  
  153  8:19  Zergling x8  
  151  8:27  Baneling x5  
  151  8:31  Drone x2  
  151  8:32  Drone x4  
  156  8:38  Baneling  
  156  8:39  Baneling x9  
  156  8:40  Zergling x2  
  156  8:41  Zergling x2  
  158  8:44  Queen  
  156  8:52  Zergling x2  
  156  8:53  Zergling x14  
  151  8:57  Zergling x6  
  151  8:58  Zergling x2  
  146  9:04  Zergling x6  
  149  9:12  Spine Crawler, Drone  
  149  9:14  Zergling x2  
  149  9:15  Zergling x10  
  149  9:16  Spore Crawler  
  152  9:24  Baneling x14  
  152  9:28  Zergling x6  
  152  9:29  Spire  
  154  9:36  Zergling x12  
  159  9:43  Ravager x4  
  159  9:44  Ravager  
  164  9:50  Zergling x22  
  175  9:54  Baneling  
  175  9:55  Baneling x7  
  174  10:05  Zergling x16  
  179  10:09  Baneling x9  
  179  10:10  Baneling x3  
  179  10:11  Zergling x2  
  179  10:12  Zergling x2  
  178  10:15  Ravager x2  
  178  10:16  Ravager x3  

Tags
 
Add a new tag
Caveats
  • Supply blocks, unpowered buildings, or Contaminate may cause inaccurate times.
  • Supply counts are checked every 10 seconds.